 Dungeon Crawl Stone Soup version 0.21-a0-404-g291f19a (webtiles) character file.

298 tof the Twirler (level 6, 0/51 HPs)
             Began as a Minotaur Gladiator on Oct 26, 2017.
             Shot with an arrow by a centaur (7 damage)
             ... on level 3 of the Dungeon.
             The game lasted 00:03:09 (1718 turns).

tof the Twirler (Minotaur Gladiator)                Turns: 1718, Time: 00:03:09

Health: 0/51       AC:  4    Str: 19    XL:     6   Next: 13%
Magic:  5/5        EV: 14    Int:  5    God:
Gold:   120        SH:  0    Dex: 16    Spells: 5/5 levels left

rFire    . . .     SeeInvis .   a - +0 quarterstaff
rCold    . . .     Gourm    .   (shield currently unavailable)
rNeg     . . .     Faith    .   b - +0 leather armour
rPois    .         Spirit   .   c - +0 hat
rElec    .         Reflect  .   (no cloak)
rCorr    .         Harm     .   l - +0 pair of gloves {Dex+3}
MR       .....                  (no boots)
Stlth    +.........             (no amulet)
HPRegen  0.17/turn              (no ring)
MPRegen  0.09/turn              (no ring)

@: no status effects
A: retaliatory headbutt, horns 2
a: no special abilities


You were on level 3 of the Dungeon.
You were hungry.

You visited 1 branch of the dungeon, and saw 3 of its levels.

You collected 120 gold pieces.

Inventory:

Hand Weapons
 a - a +0 quarterstaff (weapon)
Missiles
 d - 3 throwing nets (quivered)
Armour
 b - a +0 leather armour (worn)
 c - a +0 hat (worn)
 l - a +0 pair of gloves of dexterity (worn)
Jewellery
 o - an uncursed amulet of the gourmand {unknown}
 w - an uncursed ring of resist corrosion {unknown}
Scrolls
 i - 2 scrolls of amnesia {unknown}
 j - a scroll of recharging {unknown}
 k - a scroll of enchant armour {unknown}
 q - 2 scrolls of identify {unknown}
 r - 2 scrolls of remove curse {unknown}
 t - a scroll of noise {unknown}
 u - a scroll of fear {unknown}
 x - 3 scrolls of teleportation {unknown}
Potions
 e - 2 potions of curing {unknown}
 g - a potion of lignification {unknown}
 h - a potion of haste {unknown}
 n - a potion of heal wounds {unknown}
 s - 2 potions of degeneration {unknown}
 v - 2 potions of flight {unknown}
 A - a potion of brilliance {unknown}
Comestibles
 f - a bread ration
 m - 2 meat rations
 p - 2 royal jellies


   Skills:
 + Level 3.6 Fighting
 * Level 5.3 Staves
 + Level 3.0 Throwing
 * Level 3.5 Armour
 + Level 4.2 Dodging


You had 5 spell levels left.
You didn't know any spells.

Dungeon Overview and Level Annotations

Branches:
Dungeon (3/15)

Altars:

Annotations:
D:3 Sigmund


Innate Abilities, Weirdness & Mutations

You reflexively headbutt those who attack you in melee.
You have a pair of horns on your head.


Message History

You thump the centaur! Your headbutt misses the centaur.
The centaur is severely wounded.
The centaur misses you. The centaur hits you. Something hits you!
The centaur barely misses you. The centaur hits you.
The centaur wields an uncursed shortbow.
The centaur shoots an arrow.
The arrow hits you.
A goblin comes into view. It is wielding a club.
The centaur shoots an arrow.
The arrow barely misses you.
The centaur shoots an arrow.
The arrow hits you!
* * * LOW HITPOINT WARNING * * *
A magic dart appears from out of thin air!
The magic dart hits you!
* * * LOW HITPOINT WARNING * * *
You see here an arrow.
The centaur shoots an arrow.
The arrow completely misses you.
The centaur shoots an arrow.
The arrow barely misses you.
You see here 2 arrows.
The centaur shoots an arrow.
The arrow hits you!
You die...

...........##
####.....÷..#
##.....#.#
#........##
#....)....#
#.......#.#
##.....##.#####
...............#
#.#####g##@....#
...
.......(.#### ..
######..##
#..(## #....#
###..# #c.#####
#g.....#
#.†....#


You could see a centaur and a goblin.

Vanquished Creatures
  Grinder (D:3)
  3 adders (D:2)
  A gnoll (D:1)
  A worm (D:2)
  2 dart slugs
  3 leopard geckos
  An orc (D:3)
  10 bats
  4 giant cockroaches (D:1)
  4 goblins
  3 hobgoblins
  7 jackals
  A quokka (D:2)
  A ball python (D:1)
  3 frilled lizards
  3 kobolds (D:1)
  4 rats (D:1)
52 creatures vanquished.

Notes
Turn   | Place    | Note
-------+----------+-------------------------------------------
     0 | D:1      | tof the Minotaur Gladiator began the quest for the Orb.
     0 | D:1      | Reached XP level 1. HP: 18/18 MP: 0/0
   168 | D:1      | Reached XP level 2. HP: 21/25 MP: 1/1
   219 | D:1      | Reached skill level 4 in Staves
   219 | D:1      | Reached skill level 1 in Armour
   325 | D:1      | Reached XP level 3. HP: 27/30 MP: 2/2
   913 | D:2      | Reached XP level 4. HP: 31/37 MP: 3/3
  1418 | D:3      | Noticed Grinder
  1418 | D:3      | Paralysed by Grinder for 5 turns
  1429 | D:3      | Killed Grinder
  1429 | D:3      | Reached skill level 5 in Staves
  1429 | D:3      | Reached XP level 5. HP: 22/45 MP: 4/4
  1429 | D:3      | Reached XP level 6. HP: 25/51 MP: 5/5
  1705 | D:3      | Noticed Sigmund
  1718 | D:3      | Shot with an arrow by a centaur

Vault maps used:
D:1:      saegor_arrival_simple_c, serial_bayou_pond_d
D:3:      vehumet_crystals, first_bread, uniq_robin, uniq_sigmund, uniq_grinder,
          uniq_crazy_yiuf_cottage

Skill      XL: |  1  2  3  4 |
---------------+-------------+-----
Staves         | 4 5 |  5.3
Armour         | 1 2 3 |  3.5
Fighting       | 3 |  3.6
Throwing       | 3 |  3.0
Dodging        | 4 |  4.2

Action                   |  1- 3 |  4- 6 || total
-------------------------+-------+-------++-------
Melee: Quarterstaff      |    74 |    23 ||    97
       Headbutt          |    11 |     8 ||    19
 Stab: Sleeping          |     1 |       ||     1
  Eat: Chunk             |       |     2 ||     2
Armor: Leather armour    |    24 |    12 ||    36
Dodge: Dodged            |    52 |    26 ||    78

Table legend:
 A = Spawn XP
 B = Non-spawn XP
 C = Spawn XP percentage of total XP
 D = Spawn monster count
 E = Non-spawn monster count
 F = Spawn count percentage of total count
 G = Total turns spent on level
                    A         B        C        D         E        F      G
               +---------+---------+-------+---------+---------+-------+---------
         Total |       0 |     427 |   0.0 |       0 |      52 |   0.0 |  1718
               +---------+---------+-------+---------+---------+-------+---------
           D:1 |       0 |      64 |   0.0 |       0 |      30 |   0.0 |   724
           D:2 |       0 |      67 |   0.0 |       0 |      17 |   0.0 |   680
           D:3 |       0 |     296 |   0.0 |       0 |       5 |   0.0 |   314
               +---------+---------+-------+---------+---------+-------+---------
